 Dungeon Crawl Stone Soup version 0.29.0-4-gdea44cf6ec (webtiles) character file.

Game seed: 6288278996916753548

1288 qw the Cleaver (level 8, -3/48 HPs)
             Began as a Tengu Warper on Aug 28, 2022.
             Was a Follower of Okawaru.
             Slain by a killer bee (8 damage)
             ... on level 6 of the Dungeon.
             The game lasted 00:00:42 (7053 turns).

qw the Cleaver (Tengu Warper)                       Turns: 7053, Time: 00:00:42

Health: -3/48      AC: 11    Str: 19    XL:     8   Next: 55%
Magic:  10/12      EV: 13    Int: 13    God:    Okawaru [*.....]
Gold:   279        SH:  0    Dex: 15    Spells: 11/11 levels left

rFire   . . .      SeeInvis .   Y - +0 hand axe (vamp)
rCold   . . .      Faith    .   (no shield)
rNeg    . . .      Spirit   .   c - +0 chain mail
rPois   +          Reflect  .   (helmet restricted)
rElec   .          Harm     .   (no cloak)
rCorr   .          Rampage  .   (no gloves)
Will    .....                   (boots unavailable)
Stlth   ..........              (no amulet)
HPRegen 0.16/turn               e - ring of poison resistance
MPRegen 0.13/turn               k - +6 ring of strength

@: lethally poisoned (-3 -> -4), heroic, flying quickly and evasively, quick
A: beak, talons 3, nimble flight
a: Renounce Religion, Heroism


You were on level 6 of the Dungeon.
You worshipped Okawaru.
Okawaru was aware of your devotion.
You visited 2 branches of the dungeon, and saw 7 of its levels.

You collected 375 gold pieces.
You spent 96 gold pieces at shops.


Innate Abilities, Weirdness & Mutations

You have a beak for a mouth.
You have claws for feet.
Your magical nature lets you fly swiftly and evasively.


   Skills:
 - Level 4.5(9.5) Fighting
 + Level 9.3(14.3) Axes
 - Level 1.0(6.0) Throwing
 - Level 3.5(8.5) Armour
 - Level 3.0(8.0) Dodging
 - Level 2.0 Spellcasting
 - Level 2.4 Translocations
 + Level 1.1 Invocations


You had 11 spell levels left.
You didn't know any spells.
Your spell library contained the following spells:

 Spells                   Type           Power      Damage    Failure   Level
 Blink                    Tloc           14%        N/A       77%         2
 Gell's Gravitas          Tloc           7%         N/A       94%         3
 Lesser Beckoning         Tloc           7%         N/A       94%         3
 Teleport Other           Tloc           7%         N/A       94%         3
 Manifold Assault         Tloc           7%         N/A       100%        5

Inventory:

Hand Weapons
 b - the +5 flail of the Endless Expanse {vorpal, Str+6 Stlth+}
   (You found it on level 3 of the Dungeon)

   It inflicts extra damage upon your enemies.
   Str:       It affects your strength (+6).
   Stlth:     It makes you more stealthy.
 Y - a +0 vampiric hand axe (weapon)
Missiles
 l - 13 boomerangs (quivered)
Armour
 c - a +0 chain mail (worn)
Jewellery
 e - a ring of poison resistance (left hand)
 k - a +6 ring of strength (right hand)
Scrolls
 a - 2 scrolls of enchant armour
 j - 2 scrolls of identify
Potions
 d - a potion of cancellation
 f - 3 potions of might
 h - a potion of resistance
 m - a potion of mutation

Dungeon Overview and Level Annotations

Branches:
Dungeon (6/15)             Temple (1/1) D:5

Altars:
Ashenzari
Cheibriados
Elyvilon
Fedhas
Makhleb
Okawaru
Qazlal
Ru
Sif Muna
Trog
Uskayaw
Wu Jian
Xom
Yredelemnul

Shops:
D:2 *


Message History

Okawaru accepts your kill.
You closely miss the killer bee. You miss the killer bee.
You feel sick. The killer bee barely misses you.
The killer bee stings you but does no damage.
The killer bee stings you.
You closely miss the killer bee. You claw the killer bee.
You peck the killer bee.
The killer bee is almost dead.
You closely miss the killer bee. You hit the killer bee.
You feel better.
You feel sick. The killer bee barely misses you.
The killer bee closely misses you.
The killer bee stings you but does no damage.
You hit the killer bee.
You feel better.
You kill the killer bee!
Okawaru accepts your kill.
You miss the killer bee.
You hit the killer bee but do no damage.
The killer bee barely misses you. x2
Your Invocations skill increases to level 1!
You miss the killer bee.
The killer bee is moderately wounded.
You closely miss the killer bee.
You feel sick. The killer bee misses you. The killer bee stings you.
You hit the killer bee but do no damage.
Your kick misses the killer bee. Your peck misses the killer bee.
The killer bee is moderately wounded.
You miss the killer bee.
You feel sick. The killer bee closely misses you.
The killer bee barely misses you.
You hit the killer bee.
You feel better.
Your kick misses the killer bee.
The killer bee is moderately wounded.
You hit the killer bee.
You feel better. The killer bee closely misses you.
The killer bee barely misses you. The killer bee misses you. x2
You hit the killer bee but do no damage.
Your kick misses the killer bee.
The killer bee is moderately wounded.
You miss the killer bee.
You feel sick. The killer bee stings you!
You die...

.........#.#.##.....
...#.................
..........##.####.....
#.....#####..#####....
................+...#
..........#######
#...#.#...##
#...#yy...# #..@...#
#......# #.!.#...(.#
........(..(#
#..##....##..# ....
..#.## ..# #.# #.#.#
.# #. #. .#


You could see 2 killer bees.

Vanquished Creatures
  A black bear (D:5)
  3 ice beasts (D:5)
  2 ogres
  A necrophage (D:5)
  A scorpion (D:5)
  4 killer bees (D:6)
  4 hounds
  An orc priest (D:5)
  3 iguanas (D:5)
  8 gnolls
  3 adders
  3 ufetubi
  A worm (D:2)
  4 dart slugs
  9 orcs
  4 endoplasms
  6 giant cockroaches
  6 goblins
  8 hobgoblins
  9 jackals
  6 kobolds
  3 quokkas
  5 ball pythons
  9 bats
  2 frilled lizards (D:1)
  6 rats
112 creatures vanquished.

Notes
Turn   | Place    | Note
-------+----------+-------------------------------------------
     0 | D:1      | qw the Tengu Warper began the quest for the Orb.
     0 | D:1      | Reached XP level 1. HP: 12/12 MP: 4/4
     0 | D:1      | 0 ||| qw: Version: 0.1-a-89-g26bdef1
     0 | D:1      | 0 ||| qw: Game counter: 3381
     0 | D:1      | 0 ||| qw: Always use a shield: true
     0 | D:1      | 0 ||| qw: God list: Okawaru
     0 | D:1      | 0 ||| qw: Allow faded altars: false
     0 | D:1      | 0 ||| qw: Do Orc after D:15 true
     0 | D:1      | 0 ||| qw: Do second Lair branch before Depths: true
     0 | D:1      | 0 ||| qw: Lair rune preference: random
     0 | D:1      | 0 ||| qw: Plans: Normal
     0 | D:1      | 0 ||| PLANNING D:1-11
   205 | D:1      | 205 ||| Stepping ~*~*~tactically~*~*~ (hiding).
   307 | D:1      | 307 ||| Stepping ~*~*~tactically~*~*~ (hiding).
   403 | D:1      | 403 ||| Stepping ~*~*~tactically~*~*~ (stealth).
   404 | D:1      | 404 ||| Stepping ~*~*~tactically~*~*~ (stealth).
   406 | D:1      | 406 ||| Stepping ~*~*~tactically~*~*~ (hiding).
   408 | D:1      | 408 ||| Stepping ~*~*~tactically~*~*~ (hiding).
   408 | D:1      | Found a faded altar of an unknown god.
   417 | D:1      | Reached XP level 2. HP: 11/17 MP: 6/6
   420 | D:1      | Reached skill level 3 in Axes
   901 | D:1      | 901 ||| Stepping ~*~*~tactically~*~*~ (stealth).
  1030 | D:1      | 1030 ||| Stepping ~*~*~tactically~*~*~ (stealth).
  1031 | D:1      | 1031 ||| Stepping ~*~*~tactically~*~*~ (stealth).
  1033 | D:1      | 1033 ||| Stepping ~*~*~tactically~*~*~ (stealth).
  1034 | D:1      | 1034 ||| Stepping ~*~*~tactically~*~*~ (stealth).
  1035 | D:1      | 1035 ||| Stepping ~*~*~tactically~*~*~ (stealth).
  1036 | D:1      | 1036 ||| Stepping ~*~*~tactically~*~*~ (stealth).
  1037 | D:1      | 1037 ||| Stepping ~*~*~tactically~*~*~ (stealth).
  1039 | D:1      | 1039 ||| Stepping ~*~*~tactically~*~*~ (stealth).
  1132 | D:1      | 1132 ||| Stepping ~*~*~tactically~*~*~ (stealth).
  1135 | D:1      | Reached XP level 3. HP: 21/21 MP: 7/7
  1232 | D:1      | Reached skill level 4 in Axes
  1756 | D:1      | 1756 ||| READING 2 scrolls labelled TAEHAT MUAC.
  1757 | D:1      | 1757 ||| DROPPING scroll of blinking.
  1849 | D:2      | Reached XP level 4. HP: 26/26 MP: 8/8
  2229 | D:2      | 2229 ||| UPGRADING to ring of poison resistance.
  2230 | D:2      | 2230 ||| READING scroll labelled NIXYEB ZURCHAU.
  2231 | D:2      | 2231 ||| Stepping randomly (stuck).
  2232 | D:2      | 2232 ||| Stepping randomly (stuck).
  2233 | D:2      | 2233 ||| Stepping randomly (stuck).
  2234 | D:2      | 2234 ||| Stepping randomly (stuck).
  2332 | D:2      | Found Codul's Assorted Antiques.
  2336 | D:2      | 2336 ||| BUYING 2 cyan potions (30 gold).
  2336 | D:2      | Bought 2 cyan potions for 30 gold pieces
  2336 | D:2      | 2336 ||| BUYING red potion (15 gold).
  2336 | D:2      | Bought a red potion for 15 gold pieces
  2336 | D:2      | 2336 ||| SHOPLISTING ruby-encrusted ring mail (153 gold,
                  | have 57).
  2336 | D:2      | 2336 ||| BUYING scroll labelled HUITUFAPOF (17 gold).
  2336 | D:2      | Bought a scroll labelled HUITUFAPOF for 17 gold pieces
  2336 | D:2      | 2336 ||| BUYING scroll of identify (34 gold).
  2336 | D:2      | Bought a scroll of identify for 34 gold pieces
  2904 | D:2      | 2904 ||| UPGRADING to +0 chain mail.
  2914 | D:2      | 2914 ||| DROPPING +0 leather armour.
  2915 | D:2      | 2915 ||| DROPPING ring of magical power.
  2916 | D:2      | 2916 ||| READING scroll labelled HUITUFAPOF.
  2917 | D:2      | 2917 ||| READING scroll labelled DAEVURE CU LOY.
  2920 | D:2      | 2920 ||| READING scroll labelled ENIJOAJEOKK.
  2921 | D:2      | 2921 ||| DRINKING 2 red potions.
  2922 | D:2      | 2922 ||| DRINKING 2 cyan potions.
  2923 | D:2      | 2923 ||| READING 2 scrolls of identify.
  2923 | D:2      | 2923 ||| IDENTIFYING amethyst potion
  2924 | D:2      | 2924 ||| DROPPING potion of attraction.
  2955 | D:3      | 2955 ||| Stepping ~*~*~tactically~*~*~ (stealth).
  2959 | D:3      | 2959 ||| Stepping ~*~*~tactically~*~*~ (stealth).
  2963 | D:3      | Reached skill level 5 in Axes
  2964 | D:3      | 2964 ||| Stepping ~*~*~tactically~*~*~ (stealth).
  2966 | D:3      | 2966 ||| Stepping ~*~*~tactically~*~*~ (hiding).
  2978 | D:3      | Gained mutation: Your magical nature lets you fly swiftly
                  | and evasively. [Tengu growth]
  2978 | D:3      | Reached XP level 5. HP: 14/30 MP: 9/9
  2997 | D:3      | 2997 ||| FLEEEEING.
  2999 | D:3      | 2999 ||| STAIRDANCE
  3145 | D:3      | 3145 ||| FLEEEEING.
  3146 | D:3      | 3146 ||| FLEEEEING.
  3147 | D:3      | 3147 ||| STAIRDANCE
  3261 | D:3      | 3261 ||| STAIRDANCE
  3302 | D:3      | 3302 ||| DROPPING +0 whip.
  3346 | D:3      | 3346 ||| FLEEEEING.
  3350 | D:3      | HP: 5/30 [gnoll/+0 flail (3)]
  3604 | D:3      | 3604 ||| DROPPING +1 whip of electrocution.
  3615 | D:3      | Identified the +5 flail of the Endless Expanse {vorpal,
                  | Str+6 Stlth+}
  3617 | D:3      | 3617 ||| DROPPING +0 flail.
  3660 | D:3      | Found a faded altar of an unknown god.
  3666 | D:3      | Found a hide-covered altar of Uskayaw.
  3751 | D:3      | 3751 ||| Stepping ~*~*~tactically~*~*~ (hiding).
  3759 | D:3      | Reached skill level 6 in Axes
  4311 | D:3      | Found an ornate altar of the Wu Jian Council.
  4348 | D:3      | 4348 ||| READING scroll labelled FUAFAI CA VUCK.
  4449 | D:3      | 4449 ||| READING 2 scrolls of identify.
  4449 | D:3      | 4449 ||| IDENTIFYING golden potion
  4508 | D:3      | 4508 ||| Stepping randomly (stuck).
  4566 | D:3      | 4566 ||| Stepping randomly (stuck).
  4612 | D:4      | 4612 ||| Stepping ~*~*~tactically~*~*~ (stealth).
  4655 | D:4      | 4655 ||| FLEEEEING.
  4665 | D:4      | 4665 ||| STAIRDANCE
  4706 | D:3      | 4706 ||| READING scroll labelled PIYCLA HURONG.
  5010 | D:4      | Reached XP level 6. HP: 28/35 MP: 10/10
  5321 | D:4      | 5321 ||| UPGRADING to +6 ring of strength.
  5322 | D:4      | 5322 ||| READING scroll labelled MENUEWK WIMA.
  5323 | D:4      | 5323 ||| READING scroll labelled ZIAHECHEPPU.
  5324 | D:4      | 5324 ||| READING 2 scrolls of identify.
  5324 | D:4      | 5324 ||| IDENTIFYING metallic dark potion
  5337 | D:3      | 5337 ||| Stepping randomly (stuck).
  5395 | D:3      | 5395 ||| Stepping randomly (stuck).
  5410 | D:5      | Entered Level 5 of the Dungeon
  5414 | D:5      | 5414 ||| Stepping ~*~*~tactically~*~*~ (stealth).
  5415 | D:5      | 5415 ||| Stepping ~*~*~tactically~*~*~ (stealth).
  5416 | D:5      | 5416 ||| Stepping ~*~*~tactically~*~*~ (stealth).
  5417 | D:5      | 5417 ||| Stepping ~*~*~tactically~*~*~ (stealth).
  5424 | D:5      | 5424 ||| Stepping ~*~*~tactically~*~*~ (stealth).
  5480 | D:5      | Found a sacrificial altar of Ru.
  5483 | D:5      | Found a staircase to the Ecumenical Temple.
  5483 | D:5      | Noticed a black bear
  5485 | D:5      | 5485 ||| PLANNING TEMPLE
  5495 | D:5      | Killed a black bear
  5496 | D:5      | Reached skill level 7 in Axes
  5503 | D:5      | 5503 ||| FLEEEEING.
  5504 | D:5      | 5504 ||| FLEEEEING.
  5505 | D:5      | 5505 ||| FLEEEEING.
  5506 | D:5      | 5506 ||| FLEEEEING.
  5507 | D:5      | 5507 ||| FLEEEEING.
  5508 | D:5      | 5508 ||| FLEEEEING.
  5509 | D:5      | 5509 ||| FLEEEEING.
  5510 | D:5      | 5510 ||| STAIRDANCE
  5687 | D:5      | 5687 ||| Stepping ~*~*~tactically~*~*~ (hiding).
  5689 | D:5      | 5689 ||| Stepping ~*~*~tactically~*~*~ (hiding).
  5696 | D:5      | Reached XP level 7. HP: 30/40 MP: 11/11
  5775 | D:5      | 5775 ||| Stepping ~*~*~tactically~*~*~ (stealth).
  5792 | D:5      | 5792 ||| Stepping ~*~*~tactically~*~*~ (stealth).
  5793 | D:5      | 5793 ||| FLEEEEING.
  5795 | D:5      | 5795 ||| FLEEEEING.
  5809 | D:5      | Reached skill level 3 in Fighting
  5857 | D:5      | Reached skill level 8 in Axes
  5857 | D:5      | HP: 10/41 [orc/+0 hand axe (3)]
  5858 | D:5      | 5858 ||| DRINKING potion of heal wounds.
  5900 | Temple   | Entered the Ecumenical Temple
  5909 | Temple   | Became a worshipper of Warmaster Okawaru
  5936 | Temple   | 5936 ||| PLANNING D:1-11
  6169 | D:5      | Reached XP level 8. HP: 47/47 MP: 12/12
  6203 | D:5      | Reached skill level 9 in Axes
  6231 | D:5      | 6231 ||| Stepping ~*~*~tactically~*~*~ (stealth).
  6444 | D:5      | HP: 12/48 [ice beast (11)]
  6875 | D:5      | 6875 ||| READING scroll labelled QESIWE USEHEC.
  6876 | D:5      | 6876 ||| READING 5 scrolls of identify.
  6876 | D:5      | 6876 ||| IDENTIFYING silvery potion
  6877 | D:5      | 6877 ||| READING 4 scrolls of identify.
  6877 | D:5      | 6877 ||| IDENTIFYING black potion
  6878 | D:5      | 6878 ||| READING 3 scrolls of identify.
  6878 | D:5      | 6878 ||| IDENTIFYING fizzy red potion
  6879 | D:5      | 6879 ||| DROPPING potion of ambrosia.
  6880 | D:5      | 6880 ||| DROPPING potion of brilliance.
  6931 | D:6      | Reached skill level 3 in Armour
  7033 | D:6      | Reached skill level 3 in Dodging
  7039 | D:6      | Reached * piety under Okawaru
  7040 | D:6      | 7040 ||| INVOKING Heroism.
  7041 | D:6      | 7041 ||| INVOKING Heroism.
  7041 | D:6      | HP: 10/48 [killer bee (5)]
  7042 | D:6      | 7042 ||| INVOKING Heroism.
  7044 | D:6      | HP: 4/48 [poisoned by a killer bee]
  7050 | D:6      | Reached skill level 1 in Invocations
  7050 | D:6      | HP: 6/48 [poisoned by a killer bee]
  7051 | D:6      | HP: 2/48 [poisoned by a killer bee]
  7053 | D:6      | Slain by a killer bee

Levels and vault maps discovered:
D:1:      dpeg_arrival_shrine, layout_basic, ebering_ecumenical_altar_mist,
          ebering_dispersal_statue_hall, kennysheep_crisscross
D:2:      layout_basic, serial_glass, glass_columns_c, glass_columns_a,
          serial_shops, nicolae_shop_stone
D:3:      layout_loops_ring, nicolae_overflow_ecumenical_swirl,
          nzn_wu_jian_council_hall
D:4:      layout_rooms
D:5:      layout_basic, nicolae_ru_awakened_eye, minmay_temple_entry_slanted,
          dk_noncrumbling_3
D:6:      minmay_chambers_of_fours, layout_basic, mainiacjoe_overflow_brackets,
          serial_shops, nicolae_shop_bloodbath_and_beyond
Temple:   nicolae_temple_ecumenical_triangle

Skill      XL: |  1  2  3  4  5  6  7  8 |
---------------+-------------------------+-----
Axes           | 3 4 5 6 7 8 9 |  9.3
Armour         | 2 3 |  3.5
Fighting       | 3 4 |  4.5
Dodging        | 3 |  3.0
Invocations    | 1 |  1.1
Throwing       | |  1.0
Spellcasting   | |  2.0
Translocations | |  2.4

Action                   |  1- 3 |  4- 6 |  7- 9 || total
-------------------------+-------+-------+-------++-------
Melee: Hand axe          |    99 |   158 |   111 ||   368
       Kick              |    24 |    49 |    32 ||   105
       Peck              |     8 |    29 |    17 ||    54
       Punch             |       |     2 |       ||     2
Throw: Boomerang         |     7 |    12 |    16 ||    35
Invok: Heroism           |       |       |     1 ||     1
  Use: Scroll            |     1 |    11 |     4 ||    16
       Potion            |       |     2 |     1 ||     3
Armor: Leather armour    |    23 |    14 |       ||    37
       Chain mail        |       |    67 |    44 ||   111
Dodge: Dodged            |    72 |    74 |    75 ||   221

Table legend:
 A = Non-vault XP
 B = Vault XP
 C = Vault XP percentage of total XP
 D = Non-vault monster count
 E = Vault monster count
 F = Vault count percentage of total count
                 A         B        C        D         E       F
            +---------+---------+-------+---------+---------+-------
      Total |    1841 |       0 |   0.0 |     112 |       0 |   0.0
            +---------+---------+-------+---------+---------+-------
        D:1 |      77 |       0 |   0.0 |      35 |       0 |   0.0
        D:2 |      35 |       0 |   0.0 |      17 |       0 |   0.0
        D:3 |     129 |       0 |   0.0 |      18 |       0 |   0.0
        D:4 |     156 |       0 |   0.0 |      13 |       0 |   0.0
        D:5 |    1041 |       0 |   0.0 |      23 |       0 |   0.0
        D:6 |     403 |       0 |   0.0 |       6 |       0 |   0.0
            +---------+---------+-------+---------+---------+-------
